 Dungeon Crawl Stone Soup version 0.31.0-10-gcf4a605ca0 (webtiles) character file.

Game seed: 16495738850304670800

22 Munjaros the Cudgeller (level 2, 0/29 HPs)
             Began as a Gnoll Cinder Acolyte on Jan 25, 2024.
             Was a High Priest of Ignis.
             Slain by a gnoll
             ... wielding a +0 halberd
              (13 damage)
             ... on level 2 of the Dungeon.
             The game lasted 00:18:03 (1348 turns).

Munjaros the Cudgeller (Gnoll Cinder Acolyte)       Turns: 1348, Time: 00:18:06

Health: 0/29       AC:  2    Str: 13    XL:     2   Next: 91%
Magic:  3/5        EV: 11    Int: 13    God:    Ignis [*****.]
Gold:   85         SH:  0    Dex:  7    Spells: 4/6 levels left

rFire   + . .        a - -1 mace (flame)
rCold   . . .        (no shield)
rNeg    . . .        b - +0 robe
rPois   .            (no helmet)
rElec   .            (no cloak)
rCorr   .            (no gloves)
SInv    .            (no boots)
Will    .....        (no amulet)
Stlth   +            (no ring)
HPRegen 0.24/turn    (no ring)
MPRegen 0.09/turn

%: no passive effects
@: no status effects
A: fangs 1, strong nose, distributed training
a: Renounce Religion, Fiery Armour, Foxfire Swarm, Rising Flame


You were on level 2 of the Dungeon.
You worshipped Ignis.
Ignis was extremely pleased with you.
You visited 1 branch of the dungeon, and saw 3 of its levels.

You collected 85 gold pieces.

Inventory:

Hand Weapons
 a - a -1 mace of flaming (weapon)
 e - a +0 club
 f - a +0 spear
 k - a +0 sling
Missiles
 g - 16 stones (quivered)
Armour
 b - a +0 robe (worn)
 h - a +0 chain mail
Scrolls
 c - a scroll of teleportation {unknown}
 i - 2 scrolls of identify {unknown}
 l - a scroll of torment {unknown}
Potions
 d - 3 potions of curing {unknown}
 j - a potion of might {unknown}


   Skills:
 + Level 6.5 Fighting
 + Level 0.5 Short Blades
 + Level 0.5 Long Blades
 + Level 0.5 Axes
 + Level 6.5 Maces & Flails
 + Level 0.5 Polearms
 + Level 0.5 Staves
 + Level 0.5 Ranged Weapons
 + Level 0.5 Throwing
 + Level 0.5 Armour
 + Level 0.5 Dodging
 + Level 0.5 Stealth
 + Level 0.5 Shields
 + Level 0.5 Unarmed Combat
 + Level 2.7 Spellcasting
 + Level 0.4 Conjurations
 + Level 0.4 Hexes
 + Level 0.4 Summonings
 + Level 0.4 Necromancy
 + Level 0.4 Translocations
 + Level 5.4 Fire Magic
 + Level 0.4 Ice Magic
 + Level 0.4 Air Magic
 + Level 0.4 Earth Magic
 + Level 0.4 Alchemy
 + Level 0.7 Invocations
 + Level 0.5 Evocations
 + Level 0.5 Shapeshifting


You had 4 spell levels left.
You knew the following spells:

 Your Spells              Type           Power      Damage    Failure   Level
a - Scorch                Fire           30%        2d6       3%          2

Your spell library contained the following spells:

 Spells                   Type           Power      Damage    Failure   Level


Dungeon Overview and Level Annotations

Branches:
Dungeon (3/15)

Altars:


Innate Abilities, Weirdness & Mutations

You have very sharp teeth.
Your uncanny sense of smell can sniff out nearby items.
Your experience applies equally to all skills.


Message History

Unknown command.
The gnoll attacks as it pursues you! The gnoll barely misses you.
The gnoll is no longer more vulnerable to fire.
The gnoll closely misses you.
The gnoll hits you from afar with a +0 halberd.
There is a stone staircase leading down here.
You can't go up here!
The gnoll barely misses you.
The gnoll hits you from afar with a +0 halberd.
You climb downwards.
Found 20 gold pieces.
There is a stone staircase leading up here.
The gnoll closely misses you.
You climb upwards.
The gnoll closely misses you.
There is a stone staircase leading down here.
The gnoll barely misses you. The gnoll hits you with a +0 flail.
The gnoll barely misses you. The gnoll attacks as it pursues you!
The gnoll closely misses you. The gnoll attacks as it pursues you!
The gnoll barely misses you.
There is an open door here.
The gnoll attacks as it pursues you! The gnoll closely misses you.
There is an open door here.
The gnoll attacks as it pursues you!
The gnoll hits you from afar with a +0 halberd!
* * * LOW HITPOINT WARNING * * *
The gnoll attacks as it pursues you! The gnoll closely misses you.
There is a stone staircase leading up here.
You climb upwards.
There is a stone staircase leading down here.
You start resting.
HP restored.
You climb downwards.
The gnoll hits you with a +0 flail. x3
There is a stone staircase leading up, spattered with blood here.
Casting: Scorch (safe; 3% risk of failure)
Confirm with . or Enter, or press ? or * to list all spells.
Flames lash the gnoll.
The gnoll is almost dead.
The gnoll's fire resistance burns away.
The gnoll barely misses you.
The gnoll hits you from afar with a +0 halberd!
You die...

#......#
∆#
#.###..#
∆
∆#.w..#
#....#
#....#
#....#
#.g..#
#....#
#@g..#
##g..#
....#
#..# ..#
..# ..#
..


You could see a ribbon worm and 3 gnolls.

Vanquished Creatures
  5 bats (D:1)
  2 endoplasms (D:1)
  A giant cockroach (D:1)
  A goblin (D:1)
  5 hobgoblins (D:1)
  2 quokkas (D:1)
  A ball python (D:1)
  A rat (D:1)
18 creatures vanquished.

Notes
Turn   | Place    | Note
-------+----------+-------------------------------------------
     0 | D:1      | Munjaros the Gnoll Cinder Acolyte began the quest for the
                  | Orb.
     0 | D:1      | Reached XP level 1. HP: 23/23 MP: 4/4
   355 | D:1      | Reached XP level 2. HP: 29/29 MP: 5/5
  1148 | D:1      | Learned a level 2 spell: Scorch
  1348 | D:2      | Slain by a gnoll

Illustrated notes

Levels and vault maps discovered:
D:1:      dpeg_arrival_orchard, layout_basic, reono_crystal_passage
D:2:      layout_basic, minmay_misc_feat_tiny, minmay_crystal_water,
          hangedman_feature_mirror
D:3:      layout_loops_ring, mainiacjoe_overflow_tiny_flanked, uniq_grinder

Action                     || total
---------------------------++-------
  Melee: Mace              ||    56
         Bite              ||     2
   Cast: Scorch            ||     2
    Use: Scroll            ||     1
 Armour: Robe              ||    38
  Dodge: Dodged            ||    33
